 Dungeon Crawl Stone Soup version 0.24.1 (webtiles) character file.

Game seed: 11579574549270510884, levelgen mode: deterministic

328 Brecoman the Skirmisher (level 6, -6/56 HPs)
             Began as a Hill Orc Fighter on Apr 2, 2020.
             Was an Initiate of Beogh.
             Killed from afar by an orc wizard (8 damage)
             ... with a puff of frost
             ... on level 4 of the Dungeon.
             The game lasted 00:08:30 (3072 turns).

Brecoman the Skirmisher (Hill Orc Fighter)          Turns: 3072, Time: 00:08:31

Health: -6/56      AC:  7    Str: 18 (21) XL:     6   Next: 50%
Magic:  6/6        EV:  6    Int: 10 (13) God:    Beogh [......]
Gold:   165        SH: 14    Dex:  9 (10) Spells: 5/5 levels left

rFire    + . .     SeeInvis .   a - +0 war axe
rCold    . . .     Gourm    .   j - +0 large shield
rNeg     . . .     Faith    .   A - +1 ring mail {rF+}
rPois    .         Spirit   .   (no helmet)
rElec    .         Reflect  .   (no cloak)
rCorr    .         Harm     .   (no gloves)
MR       .....                  (no boots)
Stlth    ..........             (no amulet)
HPRegen  0.18/turn              (no ring)
MPRegen  0.10/turn              (no ring)

@: brilliant, lethally poisoned (-6 -> -33), flying (expiring), hasted, very
quick
A: no striking features
a: Renounce Religion


You were on level 4 of the Dungeon.
You worshipped Beogh.
Beogh was noncommittal.
You were not hungry.

You visited 1 branch of the dungeon, and saw 4 of its levels.

You collected 165 gold pieces.

Inventory:

Hand Weapons
 a - a +0 war axe (weapon)
Missiles
 e - 152 stones
 p - 6 atropa-tipped darts (quivered)
 x - 2 poisoned darts
Armour
 b - a +0 scale mail
 c - a +0 shield
 j - a +0 large shield (worn)
 A - a +1 ring mail of fire resistance (worn)
Jewellery
 l - an uncursed amulet of harm {unknown}
Wands
 w - a wand of polymorph (5)
 y - a wand of acid (9)
Scrolls
 h - 3 scrolls of teleportation {unknown}
 k - 2 scrolls of remove curse {unknown}
 m - a scroll of enchant armour {unknown}
 o - 3 scrolls of identify {unknown}
 s - a scroll of fog {unknown}
 u - 3 scrolls of magic mapping {unknown}
 v - 2 scrolls of amnesia {unknown}
Potions
 d - a potion of might
 i - a potion of flight
 r - a potion of brilliance
 t - 2 potions of degeneration
Comestibles
 f - 7 rations
 q - 13 chunks of flesh


   Skills:
 + Level 5.2 Fighting
 + Level 4.9 Axes
 + Level 4.8 Armour
 + Level 4.8 Shields


You had 5 spell levels left.
You didn't know any spells.
Your spell library was empty.

Dungeon Overview and Level Annotations

Branches:
Dungeon (4/15)
 Temple: D:4-7

Altars:
Cheibriados
Dithmenos
Nemelex Xobeh
Ru
Uskayaw
Vehumet
Wu Jian

Annotations:
D:4 Sigmund


Message History

* * * LOW HITPOINT WARNING * * *
You feel very sick.
* * * LOW HITPOINT WARNING * * *
You feel sick.
* * * LOW HITPOINT WARNING * * *
You feel sick.
* * * LOW HITPOINT WARNING * * *
You feel sick.
* * * LOW HITPOINT WARNING * * *
You feel sick.
* * * LOW HITPOINT WARNING * * *
You feel sick.
* * * LOW HITPOINT WARNING * * *
You feel sick.
* * * LOW HITPOINT WARNING * * *
You feel sick.
A puff of frost appears from out of thin air!
The puff of frost hits you!
You die...
Beogh appreciates something's killing of a heretic priest.

. #.(......(......#..o......
...##..((...(#......##...#....
..........##.{##.......#..##...
..........#..###..)÷....###....
..............##..÷............
.........##.####.......##.#....
.#...##..#....#...#.#...#####.8
..... ##.#.......####).######..
.8.8. #....##.@.###............
.. ###......###.<.....#.....
#.......##.......###..#.
##......#..##.....#...##
####...... ......#... ##....#
#.....#..# ###.. #........ ##..
..#..... .. .#...##


There were no monsters in sight!

Vanquished Creatures
  An ogre (D:4)
  A scorpion (D:2)
  3 orc wizards
  Natasha (D:4)
  4 adders
  2 oozes (D:3)
  2 adder skeletons (D:4)
  3 worms
  2 dart slugs
  5 leopard geckos
  4 orcs (D:3)
  3 ball pythons
  6 giant cockroaches
  11 goblins
  7 hobgoblins
  2 jackals (D:4)
  A quokka (D:3)
  11 bats
  10 frilled lizards
  6 kobolds
  A quokka skeleton (D:3)
  11 rats
97 creatures vanquished.

Notes
Turn   | Place    | Note
-------+----------+-------------------------------------------
     0 | D:1      | Brecoman the Hill Orc Fighter began the quest for the Orb.
     0 | D:1      | Reached XP level 1. HP: 19/19 MP: 1/1
    59 | D:1      | Reached XP level 2. HP: 27/27 MP: 2/2
   269 | D:1      | Reached skill level 4 in Fighting
   421 | D:1      | Reached XP level 3. HP: 33/33 MP: 3/3
  1132 | D:2      | Noticed a scorpion
  1144 | D:2      | Killed a scorpion
  1144 | D:2      | Reached XP level 4. HP: 35/41 MP: 4/4
  1402 | D:2      | Found a radiant altar of Vehumet.
  1598 | D:2      | Found a sparkling altar of Nemelex Xobeh.
  1815 | D:2      | Reached XP level 5. HP: 39/47 MP: 5/5
  1994 | D:3      | Found a shadowy altar of Dithmenos.
  2396 | D:3      | Reached XP level 6. HP: 51/55 MP: 6/6
  2643 | D:3      | Reached skill level 5 in Fighting
  2741 | D:4      | Noticed Natasha
  2761 | D:4      | Killed Natasha
  2987 | D:4      | Became a worshipper of Beogh the Brigand
  3015 | D:4      | Found a hide-covered altar of Uskayaw.
  3031 | D:4      | Found a sacrificial altar of Ru.
  3031 | D:4      | Found a snail-covered altar of Cheibriados.
  3031 | D:4      | Noticed Sigmund
  3032 | D:4      | Found an ornate altar of the Wu Jian Council.
  3072 | D:4      | HP: 2/56 [poisoned by an orc wizard]
  3072 | D:4      | Killed from afar by an orc wizard

Levels and vault maps discovered:
D:1:      saegor_arrival_simple_c, layout_basic, hex_large
D:2:      layout_basic, fiery_altar_vehumet, marbit_many_paths
D:3:      layout_basic, grunt_dithmenos_smoke_and_mirrors
D:4:      layout_cave_pools, chequers_temple_overflow_statue_of_worship,
          first_ration, serial_column_ruins, column_ruins_hut,
          column_ruins_grid_1, column_ruins_columns_dead_end,
          column_ruins_grid_1, column_ruins_open_small, column_ruins_grid_1,
          kennysheep_generic_room_6, uniq_ijyb, uniq_grinder, uniq_natasha,
          uniq_sigmund

Skill      XL: |  1  2  3  4  5  6 |
---------------+-------------------+-----
Axes           | 3 4 |  4.9
Fighting       | 4 5 |  5.2
Armour         | 4 |  4.8
Shields        | 4 |  4.8

Action                   |  1- 3 |  4- 6 || total
-------------------------+-------+-------++-------
Melee: War axe           |   138 |   254 ||   392
Throw: Dart              |     2 |       ||     2
Invok: Convert to Beogh  |       |     1 ||     1
  Use: Potion            |       |     7 ||     7
  Eat: Chunk             |     1 |     7 ||     8
Armor: Scale mail        |    71 |    57 ||   128
       Ring mail         |       |    35 ||    35
Dodge: Dodged            |    28 |    40 ||    68
Block: Shield            |    13 |       ||    13
       Large shield      |    95 |   218 ||   313
